 Dungeon Crawl Stone Soup version 0.23-a0-29-g1be82e5 (webtiles) character file.

6283 Mgcat the Cleaver (level 10, -2/88 HPs)
             Began as a Deep Dwarf Berserker on Aug 3, 2018.
             Was a Believer of Trog.
             Slain by a five-headed hydra (4 damage)
             ... on level 8 of the Dungeon.
             The game lasted 00:22:26 (6971 turns).

Mgcat the Cleaver (Deep Dwarf Berserker)            Turns: 6971, Time: 00:22:27

Health: -2/88      AC: 15    Str: 24    XL:     10   Next: 63%
Magic:  7/7        EV:  8    Int:  8    God:    Trog [**....]
Gold:   486        SH:  3    Dex: 12    Spells: 11/11 levels left

rFire    + . .     SeeInvis .   p - +4 whip "Remy" {flame, rPois rF+}
rCold    . . .     Gourm    .   B - +0 buckler
rNeg     . . .     Faith    .   i - +0 plate armour
rPois    +         Spirit   .   (no helmet)
rElec    .         Reflect  .   (no cloak)
rCorr    .         Harm     .   r - +2 pair of gloves
MR       ++...                  (no boots)
Stlth    ..........             (no amulet)
HPRegen  0.00/turn              n - ring of protection from magic {MR+, !d}
MPRegen  0.10/turn              (no ring)

@: berserk cooldown, non-regenerating, slowed, very slow
A: damage resistance, heal wounds, sense surroundings 2, no regeneration
a: Heal Wounds, Berserk, Trog's Hand, Renounce Religion


You were on level 8 of the Dungeon.
You worshipped Trog.
Trog was pleased with you.
You were hungry.

You visited 1 branch of the dungeon, and saw 8 of its levels.

You collected 486 gold pieces.

Inventory:

Hand Weapons
 b - a +0 hunting sling
   (You found it on level 1 of the Dungeon)
 j - a +0 war axe
   (You took it off an orc warrior on level 7 of the Dungeon)
 p - the +4 whip "Remy" (weapon) {flame, rPois rF+}
   (You found it on level 7 of the Dungeon)

   It has been specially enchanted to burn those struck by it, causing extra
   injury to most foes and up to half again as much damage against particularly
   susceptible opponents.
   It protects you from fire.
   It protects you from poison.
Missiles
 a - 26 sling bullets
 g - 140 stones (quivered)
 y - a throwing net {=f, !d}
Armour
 e - a +0 pair of boots
   (You found it on level 8 of the Dungeon)
 i - a +0 plate armour (worn)
   (You took it off a hobgoblin on level 1 of the Dungeon)
 r - a +2 pair of gloves (worn)
   (You found it on level 2 of the Dungeon)
 B - a +0 buckler (worn)
   (You found it on level 6 of the Dungeon)
Jewellery
 n - a ring of protection from magic (left hand) {MR+, !d}
   (You found it on level 2 of the Dungeon)
 C - an uncursed ring of ice {rC+, rF-}
   (You found it on level 7 of the Dungeon)
Wands
 z - a wand of digging (15)
   (You found it on level 6 of the Dungeon)
Scrolls
 d - 7 scrolls of identify
 f - a scroll of remove curse
 k - a scroll of immolation {!r}
 l - 2 scrolls of enchant armour
 o - a scroll of magic mapping {!r}
Potions
 h - 2 potions of berserk rage {!q}
 q - a potion of curing
 t - 2 potions of heal wounds
 w - a potion of flight
 x - a potion of agility
Comestibles
 c - 14 rations


   Skills:
 - Level 5.0 Fighting
 + Level 14.6 Axes
 - Level 5.7 Armour
 - Level 5.6 Dodging
 + Level 1.2 Spellcasting


You had 11 spell levels left.
You didn't know any spells.
Your spell library was empty.

Dungeon Overview and Level Annotations

Branches:
Dungeon (8/15)             Temple (0/1) D:5            Lair (0/6) D:8

Altars:
Fedhas
Gozag
Hepliaklqana
Ru
Sif Muna
Uskayaw

Annotations:
D:7 3 runed doors, ximxim's ghost, novice DrTm


Innate Abilities, Weirdness & Mutations

You are resistant to damage.
You can heal yourself by infusing magical energy.
You passively map the area around you.
You do not regenerate.


Message History

You hit the killer bee but do no damage.
You are feeling hungry.
You block the killer bee's attack. The killer bee stings you.
* * * LOW HITPOINT WARNING * * *
You hit the killer bee but do no damage.
The killer bee stings you.
* * * LOW HITPOINT WARNING * * *
The killer bee stings you.
* * * LOW HITPOINT WARNING * * *
You miss the killer bee.
The killer bee stings you but does no damage. x2
As you read the scroll of teleportation, it crumbles to dust.
You feel strangely unstable. The killer bee barely misses you.
The killer bee stings you but does no damage.
You block the killer bee's attack.
You feel much better.
Your surroundings suddenly seem different.
You feel the effects of Trog's Hand fading.
A bullfrog comes into view.
The bullfrog croaks.
A five-headed hydra comes into view.
Unknown command.
Unknown command.
Unknown command.
Unknown command.
You hit the five-headed hydra. You burn the five-headed hydra.
The five-headed hydra is lightly wounded.
The five-headed hydra closely misses you.
The five-headed hydra bites you but does no damage. x2
The five-headed hydra barely misses you.
The five-headed hydra bites you.
The bullfrog hits you but does no damage.
You whack the five-headed hydra! You burn the five-headed hydra.
The five-headed hydra is moderately wounded.
The five-headed hydra bites you but does no damage. x2
The five-headed hydra bites you. The five-headed hydra bites you!
The five-headed hydra bites you but does no damage.
The bullfrog hits you but does no damage.
You whack the five-headed hydra! You burn the five-headed hydra.
The five-headed hydra is heavily wounded.
The bullfrog barely misses you.
The five-headed hydra bites you but does no damage. x3
The five-headed hydra bites you.
You block the five-headed hydra's attack.
You hit the five-headed hydra. You burn the five-headed hydra.
The five-headed hydra is heavily wounded.
The bullfrog hits you. The five-headed hydra bites you!
The five-headed hydra completely misses you.
The five-headed hydra bites you. x3; The bullfrog barely misses you.
You whack the five-headed hydra! You burn the five-headed hydra.
The five-headed hydra is almost dead.
Your skin stops crawling.
You feel less resistant to hostile enchantments.
The bullfrog hits you but does no damage.
The five-headed hydra bites you!
* * * LOW HITPOINT WARNING * * *
The five-headed hydra bites you but does no damage.
The five-headed hydra bites you!
* * * LOW HITPOINT WARNING * * *
The five-headed hydra bites you.
* * * LOW HITPOINT WARNING * * *
The five-headed hydra bites you.
The bullfrog hits you but does no damage.
Unknown command.
Unknown command.
Unknown command.
Unknown command.
Unknown command.
You completely miss the five-headed hydra.
The five-headed hydra is severely wounded.
The five-headed hydra closely misses you.
The five-headed hydra bites you.
* * * LOW HITPOINT WARNING * * *
The five-headed hydra bites you.
* * * LOW HITPOINT WARNING * * *
The five-headed hydra bites you.
* * * LOW HITPOINT WARNING * * *
The five-headed hydra bites you.
* * * LOW HITPOINT WARNING * * *
The bullfrog hits you but does no damage.
The five-headed hydra bites you but does no damage.
The five-headed hydra barely misses you.
The five-headed hydra bites you.
* * * LOW HITPOINT WARNING * * *
The five-headed hydra bites you but does no damage.
The five-headed hydra bites you.
* * * LOW HITPOINT WARNING * * *
Unknown command.
Unknown command.
Unknown command.
You hit the five-headed hydra. You burn the five-headed hydra.
The five-headed hydra is almost dead.
The bullfrog closely misses you.
The bullfrog hits you but does no damage.
Unknown command.
Unknown command.
You hit the five-headed hydra. You burn the five-headed hydra.
The five-headed hydra is almost dead.
The five-headed hydra bites you.
You die...

** ####### , ,*
#.....# , #.....# *
###.....# , ,
......[.####### , ,
, * **#..F.......#
** * #...@D.....# ,,
,* ##.?...(...# *
#.... #.###......
+.... , #.
.##########... * *
##.##.#........#..
,, ,,
..#.#.#......#.#
......., ,
#.#.#[##.....#.# # ,
.......
,##.#.#.###......##.
, ,.......
...................


You could see a five-headed hydra and a bullfrog.

Vanquished Creatures
  5 death yaks
  Prince Ribbit (D:6)
  2 hippogriffs
  Sigmund (D:6)
  3 yaks
  Menkaure (D:6)
  An orc warrior (D:7)
  A sky beast (D:6)
  3 ice beasts
  A phantom (D:4)
  2 centaurs
  A necrophage (D:7)
  2 ogres (D:7)
  3 bullfrogs
  3 killer bees (D:8)
  A howler monkey (D:4)
  A crimson imp (D:5)
  A centaur zombie (D:5)
  A bullfrog zombie (D:5)
  A jelly (D:6)
  3 hounds
  An iguana (D:4)
  2 orc wizards
  4 worker ants
  7 gnolls (D:2)
  A howler monkey skeleton (D:7)
  5 adders
  3 oozes
  4 worms
  An adder skeleton (D:3)
  4 dart slugs
  10 leopard geckos
  11 orcs
  3 giant cockroaches
  7 goblins
  8 hobgoblins
  3 jackals (D:5)
  4 quokkas
  11 bats
  6 frilled lizards
  A jackal zombie (D:5)
  5 kobolds
  A leopard gecko zombie (D:5)
  10 rats
150 creatures vanquished.

Notes
Turn   | Place    | Note
-------+----------+-------------------------------------------
     0 | D:1      | Mgcat the Deep Dwarf Berserker began the quest for the Orb.
     0 | D:1      | Reached XP level 1. HP: 20/20 MP: 1/1
   202 | D:1      | Reached skill level 3 in Fighting
   202 | D:1      | Reached XP level 2. HP: 26/28 MP: 2/2
   485 | D:1      | Reached skill level 4 in Axes
   532 | D:1      | Reached XP level 3. HP: 32/34 MP: 3/3
  1051 | D:2      | Reached XP level 4. HP: 44/44 MP: 4/4
  1065 | D:2      | Reached ** piety under Trog
  1346 | D:2      | Reached skill level 4 in Fighting
  1349 | D:2      | Reached skill level 5 in Axes
  1357 | D:2      | Reached XP level 5. HP: 48/50 MP: 5/5
  1883 | D:3      | Found a sacrificial altar of Ru.
  1883 | D:3      | Found a hide-covered altar of Uskayaw.
  2083 | D:3      | Found a deep blue altar of Sif Muna.
  2452 | D:4      | Noticed a phantom
  2476 | D:4      | Killed a phantom
  2476 | D:4      | Reached XP level 6. HP: 46/60 MP: 6/6
  2884 | D:4      | Reached skill level 5 in Fighting
  2884 | D:4      | Reached skill level 6 in Axes
  3133 | D:5      | Entered Level 5 of the Dungeon
  3170 | D:5      | Found a staircase to the Ecumenical Temple.
  3406 | D:5      | Reached skill level 7 in Axes
  3409 | D:5      | Reached *** piety under Trog
  3565 | D:5      | Reached XP level 7. HP: 46/67 MP: 7/7
  3992 | D:5      | Reached skill level 8 in Axes
  4235 | D:5      | Found a hazy altar of Hepliaklqana.
  4368 | D:6      | Noticed Prince Ribbit
  4390 | D:6      | HP: 14/67 [Prince Ribbit (6)]
  4443 | D:6      | Reached skill level 9 in Axes
  4445 | D:6      | Reached XP level 8. HP: 39/74 MP: 8/8
  4537 | D:6      | Killed Prince Ribbit
  4537 | D:6      | Reached skill level 10 in Axes
  4574 | D:6      | Noticed Menkaure
  4574 | D:6      | HP: 16/74 [??? (11)]
  4587 | D:6      | Killed Menkaure
  4599 | D:6      | Noticed Sigmund
  4619 | D:6      | Killed Sigmund
  4850 | D:7      | Reached skill level 11 in Axes
  4986 | D:7      | HP: 17/74 [ogre/giant spiked club (12)]
  4991 | D:7      | HP: 20/111 [ogre/giant spiked club (9)]
  5075 | D:7      | Found a runed gate.
  5075 | D:7      | Found a runed gate.
  5075 | D:7      | Found an opulent altar of Gozag.
  5075 | D:7      | Noticed ximxim's ghost (novice DrTm)
  5076 | D:7      | Noticed a cyan ugly thing
  5091 | D:7      | Found a runed gate.
  5264 | D:7      | HP: 17/74 [centaur (3)]
  5270 | D:7      | Reached skill level 12 in Axes
  5270 | D:7      | Gained mutation: You passively map the area around you. [Deep Dwarf growth]
  5270 | D:7      | Reached XP level 9. HP: 26/81 MP: 8/8
  5421 | D:7      | Got an ichor-stained whip
  5422 | D:7      | Identified the +4 whip "Remy" {flame, rPois rF+} (You found it on level 7 of the Dungeon)
  5465 | D:7      | Found a blossoming altar of Fedhas.
  5499 | D:7      | Got a steaming leather armour
  5985 | D:8      | Noticed a death yak
  5985 | D:8      | Noticed a death yak
  5985 | D:8      | Noticed a death yak
  6011 | D:8      | Noticed a death yak
  6014 | D:8      | Noticed a death yak
  6015 | D:8      | Reached skill level 13 in Axes
  6025 | D:8      | HP: 20/81 [death yak (3)]
  6317 | D:7      | Killed a death yak
  6493 | D:7      | Killed a death yak
  6493 | D:7      | Reached skill level 14 in Axes
  6493 | D:7      | Reached XP level 10. HP: 66/88 MP: 6/6
  6562 | D:7      | HP: 31/132 [death yak (7)]
  6572 | D:7      | Killed a death yak
  6572 | D:7      | Reached skill level 3 in Armour
  6572 | D:7      | Reached skill level 3 in Dodging
  6711 | D:8      | Found a staircase to the Lair.
  6743 | D:8      | Killed a death yak
  6743 | D:8      | Reached skill level 4 in Armour
  6743 | D:8      | Reached skill level 4 in Dodging
  6747 | D:8      | HP: 21/132 [death yak (15)]
  6753 | D:8      | HP: 15/132 [death yak (6)]
  6754 | D:8      | Killed a death yak
  6754 | D:8      | Reached skill level 5 in Armour
  6754 | D:8      | Reached skill level 5 in Dodging
  6946 | D:8      | Reached skill level 1 in Spellcasting
  6948 | D:8      | HP: 33/132 [ogre/giant club (26)]
  6960 | D:8      | HP: 22/88 [killer bee (3)]
  6963 | D:8      | Noticed a five-headed hydra
  6968 | D:8      | HP: 19/88 [five-headed hydra (6)]
  6969 | D:8      | HP: 9/88 [five-headed hydra (2)]
  6969 | D:8      | HP: 2/88 [five-headed hydra (4)]
  6971 | D:8      | Slain by a five-headed hydra

Vault maps used:
D:1:      matt_arrival_los_fun
D:3:      nicolae_overflow_crystal_walls, gammafunk_temple_overflow_wave,
          minmay_stone_trees_small
D:5:      lemuel_round_altar, minmay_temple_entry_junction, first_ration
D:6:      uniq_menkaure, uniq_prince_ribbit1, uniq_sigmund
D:7:      kennysheep_mini_moat, ebering_ghost_gozag
D:8:      dpeg_lair_monsters, david_nohive_1

Skill      XL: |  1  2  3  4  5  6  7  8  9 10 |
---------------+-------------------------------+-----
Fighting       | 3 4 5 |  5.0
Axes           | 4 5 7 9 12 14 | 14.6
Armour         | 5 |  5.7
Dodging        | 5 |  5.6
Spellcasting   | 1 |  1.2

Action                   |  1- 3 |  4- 6 |  7- 9 | 10-12 || total
-------------------------+-------+-------+-------+-------++-------
Melee: Hand axe          |    62 |   241 |   228 |       ||   531
       War axe           |       |       |    21 |       ||    21
       Whip              |       |       |    72 |    94 ||   166
 Fire: Hunting sling     |    42 |    37 |     7 |     2 ||    88
Throw: Throwing net      |       |       |     5 |       ||     5
       Stone             |       |       |     2 |       ||     2
Invok: Berserk           |     1 |     9 |    12 |     3 ||    25
       Trog's Hand       |       |     1 |    11 |     1 ||    13
 Abil: Heal Wounds       |       |       |     5 |     4 ||     9
  Use: Potion            |       |       |     5 |       ||     5
       Scroll            |       |       |    17 |     1 ||    18
  Eat: Chunk             |       |    14 |    16 |       ||    30
       Ration            |       |     1 |     2 |     2 ||     5
Armor: Chain mail        |    14 |       |       |       ||    14
       Plate armour      |    36 |   143 |   146 |    39 ||   364
       Skin              |       |       |     6 |       ||     6
Dodge: Dodged            |    24 |    74 |    87 |    31 ||   216
Block: Buckler           |       |       |    15 |     9 ||    24

Table legend:
 A = Spawn XP
 B = Non-spawn XP
 C = Spawn XP percentage of total XP
 D = Spawn monster count
 E = Non-spawn monster count
 F = Spawn count percentage of total count
 G = Total turns spent on level
                    A         B        C        D         E        F      G
               +---------+---------+-------+---------+---------+-------+---------
         Total |       0 |    8976 |   0.0 |       0 |     150 |   0.0 |  6971
               +---------+---------+-------+---------+---------+-------+---------
           D:1 |       0 |      53 |   0.0 |       0 |      25 |   0.0 |   943
           D:2 |       0 |     158 |   0.0 |       0 |      31 |   0.0 |   736
           D:3 |       0 |      54 |   0.0 |       0 |      16 |   0.0 |   611
           D:4 |       0 |     267 |   0.0 |       0 |       9 |   0.0 |   843
           D:5 |       0 |     598 |   0.0 |       0 |      26 |   0.0 |  1195
           D:6 |       0 |    1033 |   0.0 |       0 |      13 |   0.0 |   561
           D:7 |       0 |    4052 |   0.0 |       0 |      21 |   0.0 |  1727
           D:8 |       0 |    2761 |   0.0 |       0 |       9 |   0.0 |   355
               +---------+---------+-------+---------+---------+-------+---------

Vault maps used:
D:1:      matt_arrival_los_fun
D:3:      nicolae_overflow_crystal_walls, gammafunk_temple_overflow_wave,
          minmay_stone_trees_small
D:5:      lemuel_round_altar, minmay_temple_entry_junction, first_ration
D:6:      uniq_menkaure, uniq_prince_ribbit1, uniq_sigmund
D:7:      kennysheep_mini_moat, ebering_ghost_gozag
D:8:      dpeg_lair_monsters, david_nohive_1

Table legend:
 A = Turns spent in this place as a percentage of turns spent in the entire game.
 B = Non-inter-level travel turns spent in this place as a percentage of non-inter-level travel turns spent in the entire game.
 C = Inter-level travel turns spent in this place as a percentage of turns spent in this place.
 D = Turns resting spent in this place as a percentage of non-inter-level travel turns spent in this place.
 E = Turns spent auto-exploring this place as a percentage of non-inter-level travel turns spent in this place.
 F = Non-inter-level travel turns spent in this place divided by the number of levels of this place that you've seen.
                   A       B       C       D       E      F
               +-------+-------+-------+-------+-------+----------------------
         Total | 100.0 | 100.0 |   5.6 |  19.2 |  56.1 | 823.0
       Dungeon | 100.0 | 100.0 |   5.6 |  19.2 |  56.1 | 823.0
               +-------+-------+-------+-------+-------+----------------------

Table legend:
 A = Kills in this place as a percentage of kills in entire the game.
 B = Kills by you in this place as a percentage of kills by you in the entire game.
 C = Kills by friends in this place as a percentage of kills by friends in the entire game.
 D = Other kills in this place as a percentage of other kills in the entire game.
 E = Experience gained in this place as a percentage of experience gained in the entire game.
 F = Experience gained in this place divided by the number of levels of this place that you have seen.
                   A       B       C       D       E      F
               +-------+-------+-------+-------+-------+----------------------
         Total | 100.0 | 100.0 |   N/A |   N/A | 100.0 | 1122.0
       Dungeon | 100.0 | 100.0 |   N/A |   N/A | 100.0 | 1122.0
               +-------+-------+-------+-------+-------+----------------------
